 Dungeon Crawl Stone Soup version 0.25.0-26-g0c896c7088 (webtiles) character file.

Game seed: 14119777068840726422

5777 lepoulpe303 the Jinx (level 10, -2/49 HPs)
             Began as a Spriggan Enchanter on July 1, 2020.
             Was an Initiate of Gozag.
             Slain by Gastronok (12 damage)
             ... on level 8 of the Dungeon.
             The game lasted 00:58:03 (10029 turns).

lepoulpe303 the Jinx (Spriggan Enchanter)          Turns: 10029, Time: 00:58:04

Health: -2/49      AC:  9    Str:  4    XL:     10   Next: 50%
Magic:  20/24      EV: 24    Int: 19    God:    Gozag
Gold:   945        SH:  0    Dex: 18    Spells: 15/27 levels left

rFire    . . .     SeeInvis +   a - +2 short sword (flame)
rCold    . . .     Gourm    .   (shield restricted)
rNeg     . . .     Faith    .   b - +0 robe
rPois    .         Spirit   .   (helmet restricted)
rElec    .         Reflect  .   c - +2 cloak
rCorr    .         Harm     .   (gloves unavailable)
MR       +....                  (boots unavailable)
Stlth    ++++......             R - amulet of regeneration
HPRegen  0.56/turn              p - +4 ring of protection
MPRegen  0.19/turn              (no ring)

@: confusing touch, very quick
A: very small, unfitting armour, see invisible, herbivore, speed 3, slow
metabolism 2
a: Potion Petition, Call Merchant, Bribe Branch, Renounce Religion


You were on level 8 of the Dungeon.
You worshipped Gozag.
Gozag was pleased with you.
You were not hungry.

You visited 2 branches of the dungeon, and saw 9 of its levels.
You visited the Abyss 1 time.
You also visited: Ossuary.

You collected 1771 gold pieces.
You spent 313 gold pieces at shops.
You paid 513 gold pieces to Gozag.

Inventory:

Hand Weapons
 a - a +2 short sword of flaming (weapon)
 A - a +0 rapier
 E - a +1 dagger
Missiles
 l - 29 poisoned darts (quivered)
 y - 4 throwing nets {=f}
Armour
 b - a +0 robe (worn)
 c - a +2 cloak (worn)
Jewellery
 p - a +4 ring of protection (left hand)
 R - an amulet of regeneration (around neck)
Wands
 r - a wand of polymorph (15)
 z - a wand of iceblast (23)
 C - a wand of acid (4)
Scrolls
 g - 3 scrolls of enchant armour
 i - 7 scrolls of identify
 o - a scroll of random uselessness {unknown}
 t - 5 scrolls of teleportation
 u - a scroll of noise {unknown}
 w - 9 scrolls of remove curse
 x - a scroll of enchant weapon {unknown}
 B - 2 scrolls of blinking {!r}
 D - a scroll of immolation {unknown}
Potions
 d - a potion of might
 f - 2 potions of cancellation
 h - 4 potions of haste
 j - 4 potions of brilliance
 k - 2 potions of flight {unknown}
 m - 3 potions of curing {unknown}
 n - 2 potions of resistance
 q - 5 potions of stabbing
 s - a potion of mutation {!q}
 v - 3 potions of ambrosia
Comestibles
 e - 11 rations


   Skills:
 + Level 4.1 Fighting
 * Level 8.2 Short Blades
 + Level 8.2 Dodging
 + Level 9.5 Stealth
 * Level 9.3 Spellcasting
 * Level 9.6 Hexes


You had 15 spell levels left.
You knew the following spells:

 Your Spells              Type           Power        Failure   Level  Hunger
a - Ensorcelled Hibernat  Hex/Ice        ####..       1%          2    None
b - Dazzling Flash        Conj/Hex       ####..       3%          3    None
c - Confusing Touch       Hex            #####...     1%          3    None
d - Tukima's Dance        Hex            #####...     1%          3    None
v - Corona                Hex            #####..      1%          1    None

Your spell library contained the following spells:

 Spells                   Type           Power        Failure   Level  Hunger


Dungeon Overview and Level Annotations

Branches:
Dungeon (8/15)             Temple (1/1) D:4         Ossuary (visited)
   Lair: D:8-11

Altars:
Ashenzari
Cheibriados
Dithmenos
Elyvilon
Fedhas
Gozag
Hepliaklqana
Kikubaaqudgha
Makhleb
Nemelex Xobeh
Okawaru
Qazlal
Ru
Sif Muna
Trog
Wu Jian
Xom
Yredelemnul
Zin

Shops:
D:8 (

Annotations:
D:8 Gastronok, Maurice


Innate Abilities, Weirdness & Mutations

You are very small and have problems with some larger weapons.
You are too small for most types of armour.
You have supernaturally acute eyesight. (SInv)
You are a herbivore.
You cover ground extremely quickly.
You need to consume almost no food.


Message History

Gastronok the Ponderous comes into view.
Aim: Gastronok, wearing a +2 hat (chance to defeat MR: 11%) Gastronok resists with almost no effort.
You now have 22/24 mp.
Gastronok waves his eye-stalks in wide circles.
The air twists around and strikes you!!
* * * LOW HITPOINT WARNING * * *
You take 20 damage, and have 29/49 hp.
MASSIVE DAMAGE!!
Your hands begin to glow red.
You now have 19/24 mp.
Gastronok bites you!!
* * * LOW HITPOINT WARNING * * *
You take 21 damage, and have 9/49 hp.
MASSIVE DAMAGE!!
You hit Gastronok but do no damage. You hit Gastronok but do no damage.
You hit Gastronok but do no damage. Gastronok bites you!
You die...
Your body crumbles into a pile of gold.

#.....# . ##..###..##.
####### #.#####.#
##.##. ........####.##.
####..#.........
############[...######.
#........# ###..# #....
#........#####..#....##
#...............>....#
#....w@..##...........
#......................
#........##..........#
#(.......##..........#
###########..........#
############


You could see Gastronok.

Levels and vault maps discovered:
D:1:      dpeg_arrival_concentric_ovals, layout_basic, serial_forest,
          infiniplex_forest_clump_curved, infiniplex_forest_straight_3,
          infiniplex_forest_zigzag_2, infiniplex_forest_lined_2,
          infiniplex_forest_lined_1, nrook_mini_backslash
D:2:      layout_loops_ring, uniq_terence
D:3:      kennysheep_slugbush, layout_basic, first_ration
D:4:      layout_rooms, hangedman_ru_absence, minmay_temple_entry_offerings
D:5:      layout_rooms
D:6:      layout_basic, nicolae_qazlal_eye_of_the_storm, kennysheep_little_box,
          enter_ossuary_4
D:7:      layout_cave_pools, lemuel_mausoleum_altar_kikubaaqudgha,
          grunt_ogre_cave
D:8:      layout_rooms, overflow_temple_1_default, special_room
          [special_room_orc], basic_altar, uniq_gastronok, uniq_maurice,
          uniq_harold
Temple:   dpeg_chambers_temple

Notes
Turn   | Place    | Note
-------+----------+-------------------------------------------
     0 | D:1      | lepoulpe303 the Spriggan Enchanter began the quest for the
                  | Orb.
     0 | D:1      | Reached XP level 1. HP: 9/9 MP: 5/5
   129 | D:1      | Identified a +1 cloak (You found it on level 1 of the
                  | Dungeon)
   638 | D:1      | Identified a cursed +0 club
   723 | D:1      | Identified a +0 club
   725 | D:1      | Reached XP level 2. HP: 13/13 MP: 6/6
   729 | D:1      | Learned a level 2 spell: Ensorcelled Hibernation
   964 | D:1      | Reached skill level 3 in Spellcasting
  1052 | D:2      | Identified a +0 mace
  1052 | D:2      | Identified a +0 scale mail
  1052 | D:2      | Noticed Terence
  1058 | D:2      | Identified 4 scrolls of identify
  1058 | D:2      | Identified an amulet of regeneration (You found it on level
                  | 2 of the Dungeon)
  1060 | D:2      | Identified a potion of cancellation
  1178 | D:2      | Reached skill level 4 in Hexes
  1178 | D:2      | Reached XP level 3. HP: 16/16 MP: 1/8
  1246 | D:2      | Identified a +0 club
  1564 | D:2      | Learned a level 3 spell: Confusing Touch
  1576 | D:2      | Reached skill level 5 in Stealth
  1612 | D:2      | Identified a +0 whip
  1892 | D:2      | Killed Terence
  1892 | D:2      | Reached skill level 2 in Short Blades
  1892 | D:2      | Reached XP level 4. HP: 21/21 MP: 4/10
  1897 | D:2      | Learned a level 3 spell: Tukima's Dance
  1992 | D:3      | Identified a +0 dagger
  1997 | D:3      | Identified a +0 whip
  2039 | D:3      | Identified a +0 dagger
  2039 | D:3      | Identified a +0 ring mail
  2111 | D:3      | Identified a +0 dagger
  2111 | D:3      | Identified a +0 robe
  2116 | D:3      | Identified a +0 hand axe
  2430 | D:3      | Identified a +0 club
  2430 | D:3      | Identified a +0 leather armour
  2515 | D:3      | Reached skill level 4 in Dodging
  2515 | D:3      | Reached XP level 5. HP: 16/25 MP: 1/11
  2762 | D:3      | Identified a +0 club
  2763 | D:3      | Identified a +0 club
  2766 | D:3      | Identified a +0 club
  2767 | D:3      | Identified a +0 club
  2767 | D:3      | Identified a +0 ring mail
  2767 | D:3      | Identified a cursed -2 trident
  2767 | D:3      | Identified a +0 leather armour
  2770 | D:3      | Identified a +0 dagger
  2770 | D:3      | Identified a +0 robe
  2808 | D:3      | Reached skill level 4 in Spellcasting
  2938 | D:3      | Reached skill level 1 in Fighting
  2953 | D:3      | Identified a +0 club
  3334 | D:3      | Reached skill level 3 in Short Blades
  3376 | D:4      | Learned a level 3 spell: Dazzling Flash
  3433 | D:4      | Identified 2 potions of haste
  3434 | D:4      | Identified 3 potions of brilliance
  3435 | D:4      | Identified 3 scrolls of teleportation
  3436 | D:4      | Identified 3 scrolls of remove curse
  3437 | D:4      | Identified a ring of protection (You found it on level 3 of
                  | the Dungeon)
  3444 | D:4      | Identified a +0 giant spiked club
  3444 | D:4      | Noticed an ogre
  3449 | D:4      | Killed an ogre
  3449 | D:4      | Reached skill level 5 in Hexes
  3449 | D:4      | Reached XP level 6. HP: 30/30 MP: 13/13
  3489 | D:4      | Identified a +0 dagger
  3489 | D:4      | Identified a +0 leather armour
  3490 | D:4      | Identified a +0 short sword
  3490 | D:4      | Identified a +0 leather armour
  3491 | D:4      | Identified a +0 hand axe
  3491 | D:4      | Identified a +0 dagger
  3491 | D:4      | Identified a +0 robe
  3717 | D:4      | Found a sacrificial altar of Ru.
  3840 | D:4      | Found a staircase to the Ecumenical Temple.
  3860 | Temple   | Entered the Ecumenical Temple
  4054 | Temple   | Became a worshipper of Gozag Ym Sagoz the Greedy
  4230 | D:5      | Entered Level 5 of the Dungeon
  4276 | D:5      | Reached skill level 6 in Stealth
  4405 | D:5      | Identified a +0 shortbow
  4415 | D:5      | Reached XP level 7. HP: 33/33 MP: 12/15
  4514 | D:5      | Reached skill level 5 in Spellcasting
  4711 | D:5      | Identified a +0 shortbow
  4739 | D:5      | Reached skill level 4 in Short Blades
  4739 | D:5      | Reached skill level 5 in Dodging
  5071 | D:5      | Reached skill level 6 in Hexes
  5077 | D:5      | Reached skill level 2 in Fighting
  5230 | D:6      | Identified a +0 dire flail
  5230 | D:6      | Identified a +0 plate armour
  5230 | D:6      | Identified a +0 dagger
  5230 | D:6      | Identified a +0 robe
  5233 | D:6      | Identified a +0 mace
  5233 | D:6      | Identified a +0 leather armour
  5234 | D:6      | Identified a +0 dagger
  5291 | D:6      | Identified a +0 scimitar
  5291 | D:6      | Identified a +0 robe
  5293 | D:6      | Identified a +0 halberd
  5293 | D:6      | Identified a +0 robe
  5299 | D:6      | Identified a +3 long sword
  5299 | D:6      | Identified a +0 robe
  5306 | D:6      | Reached XP level 8. HP: 39/39 MP: 8/17
  5345 | D:6      | Identified 3 scrolls of enchant armour
  5431 | D:6      | Identified a +0 dagger
  5431 | D:6      | Identified a cursed -2 robe
  5431 | D:6      | Identified a +0 dagger
  5431 | D:6      | Identified a +0 robe
  5432 | D:6      | Identified a cursed +0 dagger
  5432 | D:6      | Identified a +0 robe
  5432 | D:6      | Identified a +0 chain mail
  5456 | D:6      | Reached skill level 6 in Spellcasting
  5497 | D:6      | Reached skill level 5 in Short Blades
  5497 | D:6      | Reached skill level 7 in Stealth
  5512 | D:6      | Found a sand-covered staircase.
  5519 | Ossuary  | Entered an ossuary
  6368 | Ossuary  | Noticed Menkaure
  6394 | Ossuary  | Killed Menkaure
  6619 | Ossuary  | Identified 2 potions of ambrosia
  6620 | Ossuary  | Identified 2 potions of resistance
  6621 | Ossuary  | Identified 2 potions of stabbing
  6622 | Ossuary  | Identified a potion of mutation
  6630 | D:6      | Reached skill level 7 in Hexes
  6666 | D:6      | Identified a +0 giant club
  6680 | D:6      | Reached skill level 6 in Dodging
  6934 | D:6      | Found a stormy altar of Qazlal.
  7045 | D:6      | Reached skill level 7 in Spellcasting
  7056 | D:5      | Reached skill level 6 in Short Blades
  7056 | D:5      | Reached XP level 9. HP: 41/43 MP: 8/20
  7294 | D:6      | Found an ornate altar of the Wu Jian Council.
  7509 | D:7      | Identified a +0 short sword
  7525 | D:7      | Identified a +0 whip
  7527 | D:7      | Identified a +0 dagger
  7527 | D:7      | Identified a +0 robe
  7527 | D:7      | Identified a +0 flail
  7527 | D:7      | Identified a +0 club
  7528 | D:7      | Identified a +0 ring mail
  7528 | D:7      | Identified a +0 whip
  7543 | D:7      | Identified a +0 shortbow
  7563 | D:7      | Reached skill level 8 in Stealth
  7649 | D:7      | Reached skill level 3 in Fighting
  7730 | D:7      | Identified a cursed -3 dagger
  7730 | D:7      | Identified a +0 robe
  7731 | D:7      | Identified a +0 dagger
  7731 | D:7      | Identified a cursed +0 robe
  7731 | D:7      | Identified a +0 club
  7731 | D:7      | Identified a +0 chain mail
  7735 | D:7      | Identified a +0 giant club
  7757 | D:7      | Reached skill level 8 in Hexes
  7880 | D:7      | Identified a +0 shortbow
  7986 | D:7      | Identified a +0 whip
  7986 | D:7      | Identified a +2 spear of distortion
  7991 | D:7      | Cast into level 1 of the Abyss (gnoll)
  8032 | Abyss:3  | Reached skill level 7 in Dodging
  8057 | Abyss:4  | Noticed a guardian serpent
  8057 | Abyss:4  | Identified a +1 spear of venom
  8057 | Abyss:4  | Identified a +0 robe
  8057 | Abyss:4  | Noticed a nagaraja
  8057 | Abyss:4  | Noticed a wretched star
  8057 | Abyss:4  | Noticed an ancient zyme
  8059 | Abyss:4  | Noticed a wretched star
  8059 | Abyss:4  | Noticed a starcursed mass
  8062 | Abyss:4  | Killed a guardian serpent
  8062 | Abyss:4  | Reached skill level 7 in Short Blades
  8062 | Abyss:4  | Reached skill level 8 in Spellcasting
  8067 | Abyss:4  | Identified a cursed -1 dagger
  8067 | Abyss:4  | Identified a cursed +0 robe
  8067 | Abyss:4  | Noticed an orc sorcerer
  8078 | Abyss:5  | Entered Level 5 of the Abyss
  8115 | Abyss:5  | Noticed a red very ugly thing
  8115 | Abyss:5  | Noticed a red very ugly thing
  8124 | Abyss:5  | Noticed a large abomination
  8127 | Abyss:5  | Noticed an orange crystal statue
  8133 | D:7      | Escaped the Abyss
  8136 | D:7      | Identified a +0 spear of freezing
  8236 | D:7      | Identified a +1 shortbow of freezing
  8299 | D:7      | Identified 3 scrolls of blinking
  8513 | D:7      | Identified a cursed +4 hand axe
  8513 | D:7      | Identified a +0 robe
  8530 | D:7      | Reached XP level 10. HP: 49/49 MP: 23/23
  8561 | D:7      | Reached skill level 9 in Stealth
  8565 | D:7      | Reached skill level 9 in Hexes
  8574 | D:7      | Found an ancient bone altar of Kikubaaqudgha.
  8716 | D:7      | Identified a +0 giant club
  8967 | D:8      | Found a stormy altar of Qazlal.
  8968 | D:8      | Identified a +0 falchion
  8968 | D:8      | Identified a +0 leather armour
  8968 | D:8      | Identified a +0 leather armour
  9010 | D:8      | Identified a +0 short sword
  9011 | D:8      | Identified a +0 whip
  9011 | D:8      | Identified a +0 short sword
  9013 | D:8      | Identified a +0 dagger
  9014 | D:8      | Identified a +0 dagger
  9014 | D:8      | Identified a +0 dagger
  9047 | D:8      | Identified a cursed +0 club
  9047 | D:8      | Identified a +0 hand axe
  9054 | D:8      | Identified a +0 short sword
  9054 | D:8      | Identified a +0 leather armour
  9080 | D:8      | Identified a +0 ring mail
  9083 | D:8      | Identified a +0 whip
  9083 | D:8      | Identified a +0 leather armour
  9084 | D:8      | Identified a cursed -2 dagger
  9084 | D:8      | Identified a +0 leather armour
  9088 | D:8      | Identified a +0 mace
  9106 | D:8      | Identified a +0 club
  9106 | D:8      | Identified a +0 ring mail
  9108 | D:8      | Identified a +0 mace
  9114 | D:8      | Identified a +0 short sword
  9114 | D:8      | Identified a +0 leather armour
  9117 | D:8      | Identified a +0 trident
  9117 | D:8      | Identified a +0 plate armour
  9124 | D:8      | Identified a +0 club
  9124 | D:8      | Identified a +0 leather armour
  9132 | D:8      | Identified a +0 dagger
  9132 | D:8      | Identified a +0 scale mail
  9136 | D:8      | Identified a +0 giant club
  9138 | D:8      | Identified a cursed -1 glaive
  9138 | D:8      | Identified a +0 plate armour
  9190 | D:8      | Found a hazy altar of Hepliaklqana.
  9212 | D:8      | HP: 12/49 [orc warrior/cursed -1 glaive (14)]
  9376 | D:8      | Identified a +1 war axe of electrocution
  9376 | D:8      | Identified a +0 chain mail
  9376 | D:8      | Noticed Harold
  9386 | D:8      | Identified a +0 dagger
  9386 | D:8      | Identified a +0 robe
  9394 | D:8      | Identified a cursed +0 mace
  9420 | D:8      | Identified a +0 club
  9429 | D:8      | Identified a +0 hand axe
  9429 | D:8      | Identified a +0 leather armour
  9433 | D:8      | Killed Harold
  9433 | D:8      | Reached skill level 4 in Fighting
  9433 | D:8      | Reached skill level 8 in Dodging
  9433 | D:8      | Reached skill level 9 in Spellcasting
  9447 | D:7      | Reached skill level 8 in Short Blades
  9520 | D:8      | Identified a +0 mace
  9527 | D:8      | Identified a +0 mace
  9527 | D:8      | Identified a +0 plate armour
  9766 | D:8      | Identified a +0 club
  9834 | D:8      | Identified a +1 dagger of draining
  9834 | D:8      | Identified a +0 cloak
  9834 | D:8      | Noticed Maurice
  9896 | D:8      | Bought a +2 short sword of flaming for 313 gold pieces
 10019 | D:8      | Identified a +2 hat
 10019 | D:8      | Noticed Gastronok
 10026 | D:8      | HP: 9/49 [Gastronok (22)]
 10029 | D:8      | Slain by Gastronok

Table legend:
 A = Turns spent in this place as a percentage of turns spent in the entire game.
 B = Non-inter-level travel turns spent in this place as a percentage of non-inter-level travel turns spent in the entire game.
 C = Inter-level travel turns spent in this place as a percentage of turns spent in this place.
 D = Turns resting spent in this place as a percentage of non-inter-level travel turns spent in this place.
 E = Turns spent auto-exploring this place as a percentage of non-inter-level travel turns spent in this place.
 F = Non-inter-level travel turns spent in this place divided by the number of levels of this place that you've seen.
                   A       B       C       D       E      F
               +-------+-------+-------+-------+-------+----------------------
         Total | 100.0 | 100.0 |   2.5 |  16.7 |  40.3 | 652.0
       Dungeon |  85.3 |  85.2 |   2.6 |  18.2 |  44.1 | 1041.9
        Temple |   2.2 |   2.0 |  12.2 |   0.0 |  96.4 | 195.0
         Abyss |   1.4 |   1.5 |   0.0 |   0.0 |   0.0 |  28.4
       Ossuary |  11.0 |  11.3 |   0.0 |  10.7 |   6.4 | 1108.0
               +-------+-------+-------+-------+-------+----------------------

Table legend:
 A = Kills in this place as a percentage of kills in entire the game.
 B = Kills by you in this place as a percentage of kills by you in the entire game.
 C = Kills by friends in this place as a percentage of kills by friends in the entire game.
 D = Other kills in this place as a percentage of other kills in the entire game.
 E = Experience gained in this place as a percentage of experience gained in the entire game.
 F = Experience gained in this place divided by the number of levels of this place that you have seen.
                   A       B       C       D       E      F
               +-------+-------+-------+-------+-------+----------------------
         Total | 100.0 | 100.0 |   N/A | 100.0 | 100.0 | 550.3
       Dungeon |  82.4 |  82.2 |   N/A | 100.0 |  87.8 | 906.1
         Abyss |   1.1 |   1.1 |   N/A |   0.0 |   8.9 | 147.2
       Ossuary |  16.5 |  16.7 |   N/A |   0.0 |   3.3 | 269.0
               +-------+-------+-------+-------+-------+----------------------

Skill      XL: |  1  2  3  4  5  6  7  8  9 10 |
---------------+-------------------------------+-----
Spellcasting   | 3 4 5 7 8 9 |  9.3
Hexes          | 4 5 6 7 8 9 |  9.6
Stealth        | 5 6 7 8 9 |  9.5
Short Blades   | 2 3 4 6 7 8 |  8.2
Dodging        | 4 5 6 7 8 |  8.2
Fighting       | 1 2 3 4 |  4.1

Action                   |  1- 3 |  4- 6 |  7- 9 | 10-12 || total
-------------------------+-------+-------+-------+-------++-------
Melee: Dagger            |   128 |   262 |   836 |   383 ||  1609
       Short sword       |       |       |       |    36 ||    36
Throw: Dart              |     1 |     6 |       |    25 ||    32
 Cast: Ensorcelled Hiber |     6 |    22 |    44 |     6 ||    78
       Confusing Touch   |       |     2 |    23 |     9 ||    34
       Dazzling Flash    |       |       |     9 |     5 ||    14
Invok: Call Merchant     |       |       |       |     1 ||     1
Evoke: Wand              |       |       |     1 |       ||     1
  Use: Scroll            |     2 |     4 |     7 |       ||    13
 Stab: Sleeping          |    21 |    24 |    31 |    10 ||    86
       Confused          |       |     2 |    26 |     6 ||    34
       Invisible         |       |       |    10 |     7 ||    17
       Distracted        |       |       |     2 |     4 ||     6
  Eat: Ration            |       |     1 |     4 |     1 ||     6
Armor: Robe              |    13 |    20 |    92 |    67 ||   192
Dodge: Dodged            |    75 |   152 |   547 |   489 ||  1263

Vanquished Creatures
  Harold (D:8)
  A guardian serpent (Abyss:4)
  A wraith (D:7)
  A ynoxinul (Abyss:3)
  Menkaure (Ossuary)
  A sky beast (D:8)
  4 orc warriors
  4 necrophages
  2 ice beasts
  5 ogres
  5 centaurs
  An elf zombie (D:7)
  A big kobold (D:8)
  A small abomination (Abyss:4)
  7 bullfrogs
  An elf skeleton (D:7)
  A wyvern skeleton (D:7)
  A scorpion (D:5)
  12 killer bees
  4 wights
  3 human zombies (D:7)
  A centaur skeleton (D:8)
  A jelly (D:8)
  4 orc priests
  2 hounds
  11 orc wizards
  A bullfrog zombie (D:6)
  An iguana (D:4)
  Terence (D:2)
  6 worker ants
  5 mummies
  4 gnolls (D:7)
  7 adders
  3 shadow imps
  An ooze (D:7)
  An adder skeleton (D:8)
  A worm (D:2)
  11 dart slugs
  4 leopard geckos
  42 orcs
  5 giant cockroaches
  4 gnoll zombies (Ossuary)
  6 goblins
  8 hobgoblins
  4 jackals (D:8)
  12 kobolds
  A quokka (D:2)
  3 ball pythons
  A ball python skeleton (D:4)
  3 bats
  8 frilled lizards
  5 gnoll skeletons (Ossuary)
  7 goblin skeletons (Ossuary)
  2 goblin zombies
  4 hobgoblin skeletons (Ossuary)
  4 hobgoblin zombies (Ossuary)
  2 jackal skeletons (D:4)
  2 kobold skeletons (Ossuary)
  4 kobold zombies (Ossuary)
  5 orc skeletons
  5 orc zombies (Ossuary)
  A quokka zombie (D:7)
  5 rats
  A rat skeleton (Ossuary)
  5 rat zombies
272 creatures vanquished.

Vanquished Creatures (others)
  A hobgoblin skeleton (Ossuary)
  2 hobgoblin zombies (Ossuary)
  An orc zombie (Ossuary)
  A rat skeleton (Ossuary)
5 creatures vanquished.

Grand Total: 277 creatures vanquished
